 Dungeon Crawl Stone Soup version 0.10.4 character file.

302 KurdyM the Covert (level 5, -13/44 HPs)
             Began as a Naga Stalker on July 1, 2015.
             Mangled by an ogre
             ... wielding a +0,+0 giant club
              (26 damage)
             ... on Level 4 of the Dungeon.
             The game lasted 00:11:51 (2593 turns).

KurdyM the Covert (Naga Stalker)                    Turns: 2593, Time: 00:11:51

HP -13/44        AC  4     Str 12      XL: 5   Next: 76%
MP  15/15        EV 10     Int 12      God:
Gold 102         SH  0     Dex 14      Spells:  2 memorised,  3 levels left

Res.Fire  : . . .   See Invis. : +   h - +2,+1 whip (drain)
Res.Cold  : . . .   Warding    : . . b - +0 robe
Life Prot.: . . .   Conserve   : .   (no shield)
Res.Acid. : . . .   Res.Corr.  : .   p - +0 helmet
Res.Poison: +       Clarity    : .   c - +0 cloak
Res.Elec. : .       Spirit.Shd : .   (no gloves)
Sust.Abil.: . .     Stasis     : .   (no barding)
Res.Mut.  : +       Ctrl.Telep.: .   r - amulet of resist mutation
Res.Rott. : .       Levitation : .   (no ring)
Saprovore : . . .   Ctrl.Flight: .   n - ring of magical power

@: short of breath, very slow, slightly resistant to hostile enchantments, very
stealthy
A: spit poison, constrict 1, see invisible, deformed body, poison resistance,
slowness 2
a: Spit Poison


You were on level 4 of the Dungeon.
You were hungry.

You visited 1 branch of the dungeon, and saw 4 of its levels.

You collected 82 gold pieces.

Inventory:

Hand weapons
 a - a +2,+2 dagger {=f}
 h - a +2,+1 whip of draining (weapon)
 i - a +0,+1 orcish spear
Missiles
 q - a +0 throwing net (quivered)
Armour
 b - a +0 robe (worn)
 c - a +0 cloak (worn)
 g - a +0 plate armour
 p - a +0 helmet (worn)
Comestibles
 f - 4 bread rations
Scrolls
 l - a scroll of fog
 o - 2 scrolls of detect curse
 u - 2 scrolls of curse armour
 w - a scroll of remove curse
 y - a scroll of fear {unknown}
Jewellery
 n - a ring of magical power (left hand)
 r - an amulet of resist mutation (around neck)
Potions
 e - a potion of confusion
 k - 2 potions of curing
 m - a potion of heal wounds
Books
 d - a book of Stalking

   Spells                             Type                      Level
   *Fulsome Distillation              Transmutation/Necromancy     1
   *Evaporate                         Fire/Transmutation           2
   Passwall                           Transmutation/Earth          3
   Petrify                            Transmutation/Earth          4
   Dig                                Transmutation/Earth          4


   Skills:
 - Level 1.0 Fighting
 - Level 1.9 Short Blades
 + Level 4.0 Maces & Flails
 - Level 1.5 Dodging
 + Level 8.5 Stealth
 - Level 2.4 Stabbing
 - Level 1.0 Spellcasting
 - Level 2.0 Transmutations


You had 3 spell levels left.
You knew the following spells:

 Your Spells              Type           Power        Failure   Level  Hunger
a - Fulsome Distillation  Trmt/Necr      N/A          21%         1    Strawberry
b - Evaporate             Fire/Trmt      #......      34%         2    Choko

Dungeon Overview and Level Annotations

Branches:
Dungeon (4/27)
 Temple: D:4-7

Altars:


Innate Abilities, Weirdness & Mutations

You cannot wear boots.
You can spit poison.
You can use your snake-like lower body to constrict enemies.
Your serpentine skin is tough (AC +1).
You have supernaturally acute eyesight.
Armour fits poorly on your strangely shaped body.
Your system is resistant to poisons.
You cover ground very slowly.


Message History

The ogre hits you with a giant club!
You hit the ogre. You drain the ogre! You constrict the ogre.
The ogre is heavily wounded.
The ogre hits you with a giant club!
* * * LOW HITPOINT WARNING * * *
You are too injured to fight blindly!
You are too injured to fight blindly!
You are too injured to fight blindly!
Unknown command.
You barely miss the ogre. You constrict the ogre.
The ogre is heavily wounded.
Use which ability? (? or * to list)
Press: ? - help, Shift-Dir - straight line, f - ogre
Aim: an ogre, wielding a giant club (heavily wounded, constricted by you)
The splash of poison hits the ogre.
The ogre is poisoned.
The ogre is severely wounded.
You feel slightly more hungry.
You constrict the ogre. The ogre hits you with a giant club!
Ouch! That really hurt!
You die...

###### #.....# #.....#
#...... #.....#
###.....################
.........................
###....@################
#...[O# #..###.. #.. ....
# ####. ##


You could see an ogre.

Vanquished Creatures
  An orc wizard (D:3)
  4 adders (D:3)
  A giant mite (D:2)
  8 gnolls
  A worm (D:3)
  2 giant geckos (D:3)
  3 ball pythons
  3 giant cockroaches
  13 hobgoblins
  12 bats
  3 giant newts
  10 goblins
  11 kobolds
  3 orcs (D:3)
  5 rats
80 creatures vanquished.

Vanquished Creatures (others)
  A goblin (D:3)
  3 toadstools
4 creatures vanquished.

Grand Total: 84 creatures vanquished

Notes
Turn   | Place    | Note
--------------------------------------------------------------
     0 | D:1      | KurdyM, the Naga Stalker, began the quest for the Orb.
     0 | D:1      | Reached XP level 1. HP: 18/18 MP: 1/1
   217 | D:1      | Reached XP level 2. HP: 20/25 MP: 2/2
   243 | D:1      | Reached skill level 4 in Stealth
   628 | D:1      | Reached skill level 1 in Maces & Flails
   663 | D:1      | Reached XP level 3. HP: 18/31 MP: 3/3
   883 | D:1      | Reached skill level 5 in Stealth
   969 | D:2      | Learned a level 2 spell: Evaporate
  1111 | D:2      | Reached skill level 6 in Stealth
  1120 | D:2      | Reached XP level 4. HP: 38/38 MP: 5/5
  1300 | D:2      | Reached skill level 7 in Stealth
  1909 | D:3      | Reached XP level 5. HP: 44/44 MP: 6/6
  2031 | D:3      | Reached skill level 8 in Stealth
  2593 | D:4      | Mangled by an ogre
